 Dungeon Crawl Stone Soup version 0.27.1-2-g3b301248ec (webtiles) character file.

Game seed: 14277934693604089170

43 SibleyIrresistible the Gusty (level 3, -1/20 HPs)
             Began as a Tengu Air Elementalist on Sept 26, 2021.
             Slain by an adder (2 damage)
             ... on level 2 of the Dungeon.
             The game lasted 00:04:27 (1431 turns).

SibleyIrresistible the Gusty (TeAE)                 Turns: 1431, Time: 00:04:28

Health: -1/20      AC:  2    Str:  8    XL:     3   Next: 58%
Magic:  0/7        EV: 12    Int: 16    God:
Gold:   36         SH:  0    Dex: 14    Spells: 5/6 levels left

rFire    . . .     SeeInvis .   (no weapon)
rCold    . . .     Faith    .   (no shield)
rNeg     . . .     Spirit   .   a - +0 robe
rPois    .         Reflect  .   (helmet restricted)
rElec    .         Harm     .   (no cloak)
rCorr    .         Rampage  .   (no gloves)
Will     .....                  (boots unavailable)
Stlth    ++........             (no amulet)
HPRegen  0.06/turn              (no ring)
MPRegen  0.10/turn              (no ring)

@: lethally poisoned (-1 -> -3), very slightly contaminated
A: beak, talons 3
a: no special abilities


You were on level 2 of the Dungeon.
You visited 1 branch of the dungeon, and saw 2 of its levels.

You collected 36 gold pieces.

Inventory:

Armour
 a - a +0 robe (worn)
Jewellery
 f - an amulet of faith
 g - an amulet of the acrobat
Scrolls
 b - a scroll of fear {unknown}
 c - a scroll of acquirement {unknown}
 e - 2 scrolls of identify {unknown}
Potions
 d - a potion of berserk rage {unknown}


   Skills:
 + Level 1.5 Fighting
 - Level 2.1 Dodging
 - Level 2.0 Stealth
 - Level 2.0 Spellcasting
 - Level 1.3 Conjurations
 * Level 5.4 Air Magic


You had 5 spell levels left.
You knew the following spells:

 Your Spells              Type           Power      Damage    Failure   Level
a - Shock                 Conj/Air       48%        1d6       5%          1

Your spell library contained the following spells:

 Spells                   Type           Power      Damage    Failure   Level
 Swiftness                Air            19%        N/A       7%          3
 Static Discharge         Conj/Air       12%        N/A       8%          2
 Animate Skeleton         Necr           2%         N/A       21%         1
 Pain                     Necr           4%         1d4       21%         1
 Airstrike                Air            9%         N/A       22%         4
 Dazzling Flash           Conj/Hex       6%         N/A       43%         3
 Vampiric Draining        Necr           0%         2d6       52%         3
 Iskenderun's Mystic Bla  Conj/Tloc      3%         2d3       83%         4
 Starburst                Conj/Fire      1%         6d3       100%        6


Dungeon Overview and Level Annotations

Branches:
Dungeon (2/15)

Altars:


Innate Abilities, Weirdness & Mutations

You have a beak for a mouth.
You have claws for feet.


Message History

You feel sick. The adder bites you but does no damage.
Casting: Shock (safe; 5% risk of failure)
Confirm with . or Enter, or press ? or * to list all spells.
Aiming: Shock (safe; 5% risk of failure)
Press: ? - help, Shift-Dir - straight line, f/p - adder
Aim: an adder (almost dead, 48% to hit)
The zap misses the adder.
You feel sick. The adder barely misses you.
The adder bites you but does no damage.
Casting: Shock (safe; 5% risk of failure)
Confirm with . or Enter, or press ? or * to list all spells.
You don't have enough magic to cast this spell.
Unknown command.
You barely miss the adder. Your kick misses the adder.
The adder is almost dead.
You feel sick. The adder bites you.
You miss the adder. Your kick misses the adder.
The adder is almost dead.
You feel sick. The adder bites you.
You are more poisoned.
The adder poisons you!
You miss the adder. Your peck misses the adder.
The adder is almost dead.
You feel sick. The adder bites you. x2
* * * LOW HITPOINT WARNING * * *
* * * LOW HITPOINT WARNING * * *
You feel sick.
* * * LOW HITPOINT WARNING * * *
You feel sick.
Casting: Shock (safe; 5% risk of failure)
Confirm with . or Enter, or press ? or * to list all spells.
Aiming: Shock (safe; 5% risk of failure)
Press: ? - help, Shift-Dir - straight line, p - adder You miscast Shock.
You are very lightly contaminated with residual magic.
Nothing appears to happen.
* * * LOW HITPOINT WARNING * * *
You feel sick. The adder bites you.
* * * LOW HITPOINT WARNING * * *
The adder bites you.
You die...

.. #.# #....#.#.##########
#.
##'####....#.#.##.......#
#.
#..........#.#.##.#####.#
#.##..........#.#.##.#
#...#
+..#..†.......#.#....#
#.###
#..#..........#.########.#
#..#......#####.# #...#.#
#.....##### #S####.#.#.#
###...# #.@.##'#...# #.†.#
##.........# #.<.#
#.........# ##..#
#.........# #..#
#.........# #..#
#.........# ..>#
#.........# ####
#.........# #.........#


You could see an adder.

Vanquished Creatures
  4 endoplasms
  4 giant cockroaches
  4 goblins (D:1)
  3 hobgoblins
  3 kobolds (D:1)
  4 quokkas (D:1)
  2 ball pythons
  5 bats
  3 frilled lizards (D:1)
  7 rats (D:1)
39 creatures vanquished.

Vanquished Creatures (others)
  3 fungi (D:1)
  2 plants (D:1)
5 creatures vanquished.

Grand Total: 44 creatures vanquished

Notes
Turn   | Place    | Note
-------+----------+-------------------------------------------
     0 | D:1      | SibleyIrresistible the Tengu Air Elementalist began the
                  | quest for the Orb.
     0 | D:1      | Reached XP level 1. HP: 10/10 MP: 4/4
   126 | D:1      | Found a faded altar of an unknown god.
   252 | D:1      | Reached XP level 2. HP: 16/16 MP: 3/6
   334 | D:1      | Reached skill level 1 in Fighting
   554 | D:1      | Reached skill level 5 in Air Magic
   609 | D:1      | Reached XP level 3. HP: 15/20 MP: 5/7
  1431 | D:2      | HP: 1/20 [adder (2)]
  1431 | D:2      | Slain by an adder

Illustrated notes

Levels and vault maps discovered:
D:1:      evilmike_arrival_plus, layout_basic, dreamdust_ecumenical_altar_grove,
          chequers_serial_rivers_large_b, grunt_decor_arrowhead, st_stairs_6,
          minmay_split_cup_large
D:2:      layout_basic, serial_shops, shop, minmay_tetromino_t2

Skill      XL: |  1  2 |
---------------+-------+-----
Fighting       | 1 |  1.5
Air Magic      | 5 |  5.4
Dodging        | |  2.1
Stealth        | |  2.0
Spellcasting   | |  2.0
Conjurations   | |  1.3

Action                   || total
-------------------------++-------
Melee: Unarmed           ||    17
       Kick              ||     4
       Peck              ||     2
 Cast: Shock             ||    70
Armor: Robe              ||     4
Dodge: Dodged            ||     7
